 Dungeon Crawl Stone Soup version 0.23.2-40-g277498a001 (webtiles) character file.

Game seed: 5354422516462561703

56 H0rd4k the Charlatan (level 4, -3/32 HPs)
             Began as a Human Artificer on Sept 13, 2019.
             Slain by a goblin
             ... wielding a +0 dagger
             ... led by Robin
              (4 damage)
             ... on level 2 of the Dungeon.
             The game lasted 00:01:44 (1231 turns).

H0rd4k the Charlatan (Human Artificer)              Turns: 1231, Time: 00:01:45

Health: -3/32      AC:  3    Str: 13    XL:     4   Next: 17%
Magic:  6/6        EV: 12    Int: 12    God:
Gold:   76         SH:  0    Dex: 13    Spells: 3/3 levels left

rFire    + . .     SeeInvis .   a - +0 short sword
rCold    + . .     Gourm    .   (no shield)
rNeg     . . .     Faith    .   b - +0 leather armour
rPois    +         Spirit   .   (no helmet)
rElec    +         Reflect  .   (no cloak)
rCorr    +         Harm     .   (no gloves)
MR       .....                  (no boots)
Stlth    +.........             (no amulet)
HPRegen  0.10/turn              (no ring)
MPRegen  0.10/turn              (no ring)

@: resistant
A: no striking features
a: no special abilities


You were on level 2 of the Dungeon.
You were not hungry.

You visited 1 branch of the dungeon, and saw 2 of its levels.

You collected 76 gold pieces.

Inventory:

Hand Weapons
 a - a +0 short sword (weapon)
Armour
 b - a +0 leather armour (worn)
 l - a +0 pair of gloves
 o - a +0 helmet
Wands
 c - a wand of flame (15)
 d - a wand of enslavement (14)
 e - a wand of random effects (15)
Scrolls
 i - a scroll of immolation {unknown}
 j - a scroll of amnesia {unknown}
 k - a scroll of magic mapping {unknown}
 m - 2 scrolls of random uselessness {unknown}
 n - 3 scrolls of identify {unknown}
Potions
 g - a potion of resistance
 h - a potion of flight {unknown}
 p - a potion of might {unknown}
Comestibles
 f - 5 rations
 q - a chunk of flesh


   Skills:
 + Level 1.2 Fighting
 + Level 1.8 Short Blades
 + Level 1.0 Armour
 + Level 2.4 Dodging
 + Level 1.1 Stealth
 + Level 3.8 Evocations


You had 3 spell levels left.
You didn't know any spells.
Your spell library was empty.

Dungeon Overview and Level Annotations

Branches:
Dungeon (2/15)

Altars:
Gozag

Annotations:
D:2 Robin


Message History

Your leather armour prevents you from hitting the goblin.
The goblin is heavily wounded.
The goblin barely misses you. The goblin hits you but does no damage.
The goblin completely misses you.
You hit the goblin.
You kill the goblin!
You hit the goblin but do no damage. The goblin hits you with a +0 club.
* * * LOW HITPOINT WARNING * * *
The goblin misses you.
Evoke which item? (* to show all) (? for menu, Esc to quit)
Aiming: Enslavement
Press: ? - help, Shift-Dir - straight line, f - goblin
Aim: a goblin, wielding a +0 dagger (unusually strong, chance to defeat MR: 73%)
The goblin struggles to resist.
The goblin hits you.
* * * LOW HITPOINT WARNING * * *
The goblin hits you but does no damage. The goblin barely misses you.
It was a potion of resistance.
You feel protected. The goblin barely misses you.
The goblin hits you with a +0 dagger.
You die...

######### ........#
........#####
............########
.....##.###..... ..#
####.#.#.##..#####.##
#.....###......g@g..#
#..#.#.#.##..###g#g.#
..g#.#...##..###g#..######
....gg....g....#gg........
##g#g#...##g.#.###..####.#
##.#.##.###..#.# #..#
........# #..#.###g.#
##.#.##.# #<.#.##...#..#
g.......# #...g........#


You could see Robin, a hobgoblin and 5 goblins.

Vanquished Creatures
  2 oozes (D:1)
  3 dart slugs
  2 ball pythons (D:1)
  5 bats
  4 giant cockroaches
  8 goblins
  3 hobgoblins
  2 frilled lizards (D:1)
  5 kobolds (D:1)
  8 rats
42 creatures vanquished.

Notes
Turn   | Place    | Note
-------+----------+-------------------------------------------
     0 | D:1      | H0rd4k the Human Artificer began the quest for the Orb.
     0 | D:1      | Reached XP level 1. HP: 15/15 MP: 3/3
    96 | D:1      | Reached XP level 2. HP: 13/21 MP: 4/4
   363 | D:1      | Reached XP level 3. HP: 18/26 MP: 5/5
  1026 | D:2      | Reached skill level 1 in Armour
  1043 | D:2      | Reached XP level 4. HP: 29/32 MP: 6/6
  1164 | D:2      | Found an opulent altar of Gozag.
  1165 | D:2      | Noticed Robin
  1230 | D:2      | HP: 1/32 [goblin[Robin] (2)]
  1231 | D:2      | Slain by a goblin

Skill      XL: |  1  2  3 |
---------------+----------+-----
Armour         | 1 |  1.0
Fighting       | |  1.2
Short Blades   | |  1.8
Dodging        | |  2.4
Stealth        | |  1.1
Evocations     | |  3.8

Action                   |  1- 3 |  4- 6 || total
-------------------------+-------+-------++-------
Melee: Short sword       |   127 |    35 ||   162
Evoke: Wand              |       |     1 ||     1
  Use: Potion            |       |     1 ||     1
 Stab: Sleeping          |     3 |       ||     3
  Eat: Chunk             |       |     1 ||     1
Armor: Leather armour    |    27 |    12 ||    39
Dodge: Dodged            |    79 |    50 ||   129
